AoeStats
← Shawn96

Oasis

509961440Analyzed
4v4 RM · 4d ago on Sep 28, 2026· 17m 59s· 8 players
Game mode
Random Map
Map size
Large (8 player)
Population
200
Speed
Normal
Resources
Standard
Victory
Conquest
Starting age
Dark Age
Ending age
Imperial Age
RankedLock teamsTeams togetherTeam positionsShared explorationLock speedFull tech treeHidden civsTurbo modeCheats
Victory
Defeat
🇨🇦 Britons · Canada
1334
+12
🇬🇧 Muisca · United Kingdom
1291
+14
🇺🇸 Jurchens · United States
1244
+15
🇬🇧 Varangians · United Kingdom
1233
+16
🇪🇸 Vikings · Spain
1267
-15
🇨🇦 Poles · Canada
1245
-15
🇺🇸 Saracens · United States
1224
-14
🇺🇸 Cumans · United States
1207
-13
Sir Vivyn
6:53 Loom
10:52 Feudal Age
12:14 Wheelbarrow
15:52 Castle Age
Sir Penjamin Danklin II
10:39 Feudal Age
13:44 Bloodlines
14:31 Forging
14:21 Scale Mail Armor
14:37 Scale Barding Armor
Koba
2:42 Loom
12:06 Feudal Age
12:55 Double-Bit Axe
SmokeyDaBear
10:47 Feudal Age
12:36 Loom
12:47 Horse Collar
15:28 Castle Age
13:54 Double-Bit Axe
Shawn96
6:42 Loom
9:13 Feudal Age
9:47 Man-at-Arms
11:23 Double-Bit Axe
14:09 Fletching
onesecimpoopin
7:04 Loom
9:29 Feudal Age
10:45 Wheelbarrow
9:58 Double-Bit Axe
17:41 Forging
17:57 Scale Barding Armor
D0cTOrSniper
7:11 Loom
9:21 Feudal Age
9:53 Double-Bit Axe
13:02 Horse Collar
14:59 Bloodlines
17:31 Wheelbarrow
Calum1Ltv
15:09 Feudal Age
19:04 Castle Age
18:15 Scale Mail Armor
18:04 Double-Bit Axe
17:59 Horse Collar
Connection lost

Rejoining the realm…

Still unreachable

The connection could not be restored.

Session expired

The server has moved on; the page needs a fresh start.